 Dungeon Crawl Stone Soup version 0.31-a0-187-gba352fbbf7 (webtiles) character file.

Game seed: 5229758453752575427

101 qw the Shooter (level 4, -2/25 HPs)
             Began as a Deep Elf Hunter on June 22, 2023.
             Slain by a gnoll
             ... wielding a +0 flail
              (6 damage)
             ... on level 3 of the Dungeon.
             The game lasted 00:00:41 (1916 turns).

qw the Shooter (Deep Elf Hunter)                    Turns: 1916, Time: 00:00:41

Health: -2/25      AC:  6    Str: 10    XL:     4   Next: 48%
Magic:  6/6        EV: 12    Int: 14    God:
Gold:   97         SH:  0    Dex: 18    Spells: 3/3 levels left

rFire   . . .        Y - +0 shortbow
rCold   + . .        (shield currently unavailable)
rNeg    . . .        i - +2 leather armour {rC+}
rPois   .            (no helmet)
rElec   .            (no cloak)
rCorr   .            (no gloves)
SInv    +            j - +0 pair of boots
Will    .....        g - amulet of the acrobat
Stlth   ++           b - ring of see invisible
HPRegen 0.24/turn    (no ring)
MPRegen 0.10/turn

%: acrobat
@: no status effects
A: no striking features
a: no special abilities


You were on level 3 of the Dungeon.
You visited 1 branch of the dungeon, and saw 3 of its levels.

You collected 97 gold pieces.


   Skills:
 - Level 1.5 Fighting
 + Level 7.9 Ranged Weapons
 - Level 2.4 Dodging
 - Level 1.2 Stealth


You had 3 spell levels left.
You didn't know any spells.
Your spell library was empty.

Inventory:

Hand Weapons
 Y - a +0 shortbow (weapon)
Armour
 c - a +0 ring mail
 i - a +2 leather armour of cold resistance (worn)
 j - a +0 pair of boots (worn)
Jewellery
 b - a ring of see invisible (left hand)
 d - a ring of flight
 g - an amulet of the acrobat (around neck)
 h - a ring of fire
 l - a ring of poison resistance
Scrolls
 a - a scroll of amnesia {unknown}
 k - 5 scrolls of identify
Potions
 e - a potion of enlightenment
 f - a potion of curing

Dungeon Overview and Level Annotations

Branches:
Dungeon (3/15)

Altars:
Yredelemnul


Message History

Enter note:
Enter note:
Enter note:
Enter note:
Enter note:
Enter note:
Enter note:
Enter note: You shoot an arrow.
The arrow closely misses the gnoll.
The arrow completely misses the gnoll.
You shoot an arrow. The arrow closely misses the gnoll.
The arrow hits the gnoll.
The gnoll is moderately wounded.
You shoot an arrow.
The arrow hits the gnoll but does no damage.
You shoot an arrow. The arrow barely misses the gnoll.
You shoot an arrow. The arrow hits the gnoll.
The gnoll is moderately wounded.
The gnoll closely misses you.
You shoot an arrow.
The arrow hits the gnoll but does no damage.
The gnoll is moderately wounded.
The gnoll hits you with a +0 flail. The gnoll barely misses you.
The gnoll closely misses you. The gnoll barely misses you.
The gnoll misses you.
You shoot an arrow. The arrow hits the gnoll.
The gnoll is heavily wounded.
The gnoll hits you with a +0 flail. The gnoll closely misses you.
The gnoll hits you with a +0 flail!
You shoot an arrow. The arrow hits the gnoll.
You kill the gnoll!
The gnoll closely misses you. The gnoll hits you with a +0 flail!
You shoot an arrow. The arrow barely misses the gnoll.
The gnoll closely misses you. x2
You shoot an arrow. The arrow closely misses the gnoll.
The gnoll closely misses you. The gnoll hits you but does no damage.
You shoot an arrow.
The arrow hits the gnoll but does no damage.
The gnoll is lightly wounded.
The gnoll hits you with a +0 flail.
You die...

####........#
#....#.##...#
+...##.####.# #....#.#
#.# #....#.# #.#
+##+......####.## #
#..####.........#
+.#g.####.........#
#g@.'.##........)##
......#).#..#...........
..... #..##......(.....:
##+# #+####.#......%..##
#.###..#.......>.#
#.....##........|##
####.###.....>...<. ##.#
###.........
#..#####.#######.


You could see 2 gnolls.

Vanquished Creatures
  Terence (D:3)
  A gnoll (D:3)
  An adder (D:2)
  4 dart slugs
  An orc (D:3)
  A ball python (D:2)
  4 bats
  8 endoplasms
  4 giant cockroaches
  A goblin (D:1)
  4 hobgoblins
  3 jackals (D:2)
  3 kobolds
  A quokka (D:1)
  4 frilled lizards
  3 rats
  A spectral orc (D:3)
45 creatures vanquished.

Notes
Turn   | Place    | Note
-------+----------+-------------------------------------------
     0 | D:1      | qw the Deep Elf Hunter began the quest for the Orb.
     0 | D:1      | Reached XP level 1. HP: 12/12 MP: 3/3
     0 | D:1      | 0 ||| qw: Version: 0.3-a-9-g12657ce
     0 | D:1      | 0 ||| qw: Game counter: 2156
     0 | D:1      | 0 ||| qw: Always use a shield: true
     0 | D:1      | 0 ||| qw: God list: Okawaru
     0 | D:1      | 0 ||| qw: Allow faded altars: false
     0 | D:1      | 0 ||| qw: Do Orc after D:15 true
     0 | D:1      | 0 ||| qw: Do second Lair branch before Depths: true
     0 | D:1      | 0 ||| qw: Lair rune preference: random
     0 | D:1      | 0 ||| qw: Plans: Normal
     0 | D:1      | 0 ||| PLANNING D:1-11
   185 | D:1      | Found a faded altar of an unknown god.
   187 | D:1      | Reached skill level 6 in Ranged Weapons
   187 | D:1      | Reached XP level 2. HP: 16/16 MP: 4/4
   783 | D:1      | 783 ||| UPGRADING to +2 leather armour of cold resistance.
   793 | D:1      | 793 ||| DROPPING +0 leather armour.
   794 | D:1      | 794 ||| UPGRADING to +0 pair of boots.
   799 | D:1      | 799 ||| READING scroll labelled XAUQUH HEARHOR.
   800 | D:1      | 800 ||| READING scroll labelled VICHUT XURESA.
   801 | D:1      | 801 ||| DRINKING 2 fizzy grey potions.
   802 | D:1      | 802 ||| DROPPING scroll of butterflies.
   987 | D:2      | Reached XP level 3. HP: 20/20 MP: 5/5
  1174 | D:2      | Reached skill level 7 in Ranged Weapons
  1474 | D:2      | 1474 ||| UPGRADING to amulet of the acrobat.
  1479 | D:2      | 1479 ||| UPGRADING to ring of see invisible.
  1480 | D:2      | 1480 ||| READING 3 scrolls labelled UCORI SYSUIC.
  1481 | D:2      | 1481 ||| READING scroll labelled IFIOTUNOYN.
  1482 | D:2      | 1482 ||| READING scroll labelled UDGHIL LAQOUJE.
  1487 | D:2      | 1487 ||| DRINKING 2 puce potions.
  1488 | D:2      | 1488 ||| READING 4 scrolls of identify.
  1488 | D:2      | 1488 ||| IDENTIFYING blue potion
  1489 | D:2      | 1489 ||| DROPPING 2 scrolls of poison.
  1490 | D:2      | 1490 ||| DROPPING potion of attraction.
  1557 | D:3      | Noticed Terence
  1567 | D:3      | Killed Terence
  1568 | D:3      | Reached XP level 4. HP: 15/25 MP: 6/6
  1647 | D:3      | Found a basalt altar of Yredelemnul.
  1913 | D:3      | HP: 3/25 [gnoll/+0 flail (11)]
  1916 | D:3      | Slain by a gnoll

Levels and vault maps discovered:
D:1:      shiori_shiawase, layout_basic, hellmonk_ecumenical_altar_slurped_away
D:2:      layout_basic, minmay_gold_behind_fungi, minmay_split_cup_small
D:3:      layout_rooms, mainiacjoe_overflow_24_doors,
          yredelemnul_forgotten_temple_becter, uniq_terence

Skill      XL: |  1  2  3 |
---------------+----------+-----
Ranged Weapons | 6 7 |  7.9
Fighting       | |  1.5
Dodging        | |  2.4
Stealth        | |  1.2

Action                     |  1- 3 |  4- 6 || total
---------------------------+-------+-------++-------
   Fire: Shortbow          |   102 |    34 ||   136
    Use: Scroll            |     6 |       ||     6
         Potion            |     2 |       ||     2
 Armour: Leather armour    |    17 |     1 ||    18
  Dodge: Dodged            |    15 |    12 ||    27

Table legend:
 A = Non-vault XP
 B = Vault XP
 C = Vault XP percentage of total XP
 D = Non-vault monster count
 E = Vault monster count
 F = Vault count percentage of total count
                 A         B        C        D         E       F
            +---------+---------+-------+---------+---------+-------
      Total |     100 |      45 |  31.0 |      39 |       6 |  13.3
            +---------+---------+-------+---------+---------+-------
        D:1 |      26 |       2 |   7.1 |      14 |       1 |   6.7
        D:2 |      36 |       6 |  14.3 |      13 |       3 |  18.8
        D:3 |      38 |      37 |  49.3 |      12 |       2 |  14.3
            +---------+---------+-------+---------+---------+-------
